 Dungeon Crawl Stone Soup version 0.20.0-15-g7f486f2 (webtiles) character file.

97 robba the Insei (level 4, -4/36 HPs)
             Began as a Draconian Transmuter on July 1, 2017.
             Slain by a hobgoblin
             ... wielding a +0 club
             ... led by Robin
              (7 damage)
             ... on level 2 of the Dungeon.
             The game lasted 00:14:22 (2422 turns).

robba the Insei (Draconian Transmuter)              Turns: 2422, Time: 00:14:22

Health: -4/36      AC:  7    Str: 12      XL:     4   Next: 42%
Magic:  4/7        EV: 12    Int: 11 (14) God:
Gold:   126        SH:  0    Dex: 11 (12) Spells: 1/7 levels left

rFire    . . .     SeeInvis .   g - +0 mace
rCold    . . .     Gourm    .   (no shield)
rNeg     . . .     Faith    .   (armour unavailable)
rPois    .         Spirit   .   o - +2 hat
rElec    .         Reflect  .   (no cloak)
rCorr    .         Harm     .   (no gloves)
MR       .....                  (no boots)
Stlth    +.........             m - amulet of rage
Regen    0.2/turn               (no ring)
MPRegen  0.1/turn               (no ring)

@: no status effects
A: unfitting armour, cold-blooded, AC +5
a: Evoke Berserk Rage


You were on level 2 of the Dungeon.
You were hungry.

You visited 1 branch of the dungeon, and saw 2 of its levels.

You collected 126 gold pieces.

Inventory:

Hand Weapons
 g - a +0 mace (weapon)
Missiles
 a - 71 arrows
 d - 64 stones (quivered)
Armour
 o - a +2 hat (worn)
Jewellery
 m - an amulet of rage (around neck)
Scrolls
 c - a scroll of enchant weapon {unknown}
 e - a scroll of noise {unknown}
 i - a scroll of identify
 j - a scroll of teleportation
 k - a scroll of magic mapping {unknown}
Potions
 h - a potion of mutation {unknown}
 n - a potion of heal wounds {unknown}
Books
 b - a book of Changes

   Spells                             Type                      Level
   a - Beastly Appendage              Transmutation                1
   b - Sticks to Snakes               Transmutation                2
   c - Spider Form                    Transmutation/Poison         3
   d - Ice Form                       Ice/Transmutation            4
   e - Blade Hands                    Transmutation                5


   Skills:
 + Level 2.1 Fighting
 + Level 1.3 Maces & Flails
 + Level 0.1 Throwing
 + Level 2.6 Dodging
 + Level 0.4 Stealth
 + Level 3.4 Unarmed Combat
 + Level 2.3 Spellcasting
 + Level 2.4 Transmutations


You had one spell level left.
You knew the following spells:

 Your Spells              Type           Power        Failure   Level  Hunger
a - Beastly Appendage     Tmut           #.....       11%         1    ##.....
b - Sticks to Snakes      Tmut           #.......     16%         2    ###....
c - Spider Form           Tmut/Pois      #.........   45%         3    ####...


Dungeon Overview and Level Annotations

Branches:
Dungeon (2/15)

Altars:

Annotations:
D:2 Robin, Sigmund


Innate Abilities, Weirdness & Mutations

Your plain brown scales are hard. (AC +5)
You cannot fit into any form of body armour.
You are cold-blooded and may be slowed by cold attacks.


Message History

The hobgoblin closely misses you.
Your magical contamination has completely faded away.
You bump into the rock wall.
The hobgoblin hits you but does no damage.
A frilled lizard and a kobold come into view.
You bump into the rock wall.
The frilled lizard hisses angrily.
The kobold shouts!
Sigmund hits you from afar with a scythe!
* * * LOW HITPOINT WARNING * * *
The kobold moves out of view.
The hobgoblin hits you but does no damage.
You bump into the rock wall.
Sigmund completely misses you.
The hobgoblin hits you but does no damage.
You bump into the rock wall.
You bump into the rock wall.
You feel less confused. Sigmund misses you. The hobgoblin hits you with a club.
* * * LOW HITPOINT WARNING * * *
The hobgoblin hits you with a club!
You die...

......<# #.##
.......# #)# .......#
#.# .......# #s#
.......# #.# .......#
#g# # ######## #l# .#
##.....# #g##.#
.......# #g@K.#
##.....###########@.#
#...........#### l..#
#########..)...# #..#
##.###### .. #<.# #
#########.###...
.................
#......######....


You could see Sigmund, Robin, a giant cockroach, 2 hobgoblins, a kobold and 2
frilled lizards.

Vanquished Creatures
  3 adders (D:2)
  2 worms (D:2)
  5 dart slugs
  A leopard gecko (D:1)
  7 bats
  2 giant cockroaches
  7 hobgoblins
  3 jackals (D:1)
  4 kobolds
  A quokka (D:2)
  A ball python (D:1)
  2 frilled lizards (D:1)
  6 goblins
  3 rats (D:1)
  2 bushes (D:1)
  2 plants (D:1)
51 creatures vanquished.

Vanquished Creatures (collateral kills)
  A hobgoblin (D:2)
  A bat (D:2)
  3 goblins (D:2)
  A rat (D:2)
6 creatures vanquished.

Grand Total: 57 creatures vanquished

Notes
Turn   | Place    | Note
-------+----------+-------------------------------------------
     0 | D:1      | robba the Draconian Transmuter began the quest for the Orb.
     0 | D:1      | Reached XP level 1. HP: 16/16 MP: 3/3
   776 | D:1      | Reached XP level 2. HP: 23/23 MP: 5/5
  1591 | D:1      | Reached XP level 3. HP: 22/28 MP: 4/6
  1686 | D:2      | Learned a level 2 spell: Sticks to Snakes
  1691 | D:2      | Learned a level 3 spell: Spider Form
  1859 | D:2      | Reached skill level 1 in Maces & Flails
  2114 | D:2      | Reached XP level 4. HP: 31/36 MP: 7/7
  2353 | D:2      | Noticed Robin
  2415 | D:2      | Noticed Sigmund
  2422 | D:2      | Slain by a hobgoblin

Skill      XL: |  1  2  3  4 |
---------------+-------------+-----
Dodging        | 2 |  2.6
Maces & Flails | 1 |  1.3
Fighting       | 2 |  2.1
Throwing       | |  0.1
Stealth        | |  0.4
Unarmed Combat | |  3.4
Spellcasting   | |  2.3
Transmutations | |  2.4

Action                   |  1- 3 |  4- 6 || total
-------------------------+-------+-------++-------
Melee: Unarmed           |   561 |       ||   561
       Tailslap          |   108 |     7 ||   115
       Punch             |    11 |     1 ||    12
       Headbutt          |     2 |       ||     2
       Mace              |    80 |    62 ||   142
       Kick              |     4 |     4 ||     8
Throw: Stone             |     2 |       ||     2
 Cast: Beastly Appendage |    10 |     3 ||    13
       Sticks to Snakes  |     1 |     4 ||     5
  Use: Scroll            |     2 |     1 ||     3
       Potion            |     1 |       ||     1
  Eat: Bread ration      |     1 |       ||     1
       Chunk             |     1 |     1 ||     2
Armor: Skin              |    66 |    41 ||   107
Dodge: Dodged            |   113 |    54 ||   167
